 Dungeon Crawl Stone Soup version 0.25.1-8-g42b30a86e7 (webtiles) character file.

Game seed: 17487112766904822826

4794 Gabide the Cruncher (level 10, -1/75 HPs)
             Began as a Human Abyssal Knight on Dec 10, 2020.
             Was an Elder of Lugonu.
             Slain by a yak (14 damage)
             ... on level 9 of the Dungeon.
             The game lasted 00:19:49 (9161 turns).

Gabide the Cruncher (Human Abyssal Knight)          Turns: 9161, Time: 00:19:50

Health: -1/75      AC: 14    Str: 15    XL:     10   Next: 76%
Magic:  9/13       EV: 13    Int: 13    God:    Lugonu [****..]
Gold:   479        SH:  0    Dex: 13    Spells: 9/9 levels left

rFire    . . .     SeeInvis .   b - +4 quarterstaff (chaos)
rCold    . . .     Gourm    .   (shield currently unavailable)
rNeg     + . .     Faith    .   g - +5 ring mail
rPois    +         Spirit   .   (no helmet)
rElec    .         Reflect  .   f - +2 cloak {rPois}
rCorr    .         Harm     .   (no gloves)
MR       .....                  (no boots)
Stlth    ++........             (no amulet)
HPRegen  0.22/turn              e - ring of positive energy
MPRegen  0.13/turn              t - ring of stealth

@: no status effects
A: no striking features
a: Depart the Abyss, Bend Space, Banish, Corrupt, Renounce Religion


You were on level 9 of the Dungeon.
You worshipped Lugonu.
Lugonu was greatly pleased with you.
You were hungry.

You visited 1 branch of the dungeon, and saw 9 of its levels.
You visited the Abyss 1 time.

You collected 479 gold pieces.

Inventory:

Hand Weapons
 b - a +4 quarterstaff of chaos (weapon)
Armour
 f - a +2 cloak of poison resistance (worn)
 g - a +5 ring mail (worn)
Jewellery
 e - a ring of positive energy (left hand)
 t - a ring of stealth (right hand)
 u - an uncursed ring of wizardry
Wands
 o - a wand of acid (8)
 z - a wand of random effects (16)
 C - a wand of flame (18)
 D - a wand of enslavement (8)
Scrolls
 d - a scroll of teleportation
 l - 5 scrolls of remove curse
 n - 4 scrolls of magic mapping
 q - 2 scrolls of fear
 s - a scroll of amnesia
 w - 2 scrolls of enchant armour
 y - a scroll of fog
Potions
 a - 4 potions of lignification
 h - a potion of magic {unknown}
 i - a potion of degeneration {unknown}
 j - a potion of heal wounds {unknown}
 m - 2 potions of stabbing
 p - a potion of cancellation {unknown}
 r - a potion of haste
 v - 3 potions of curing
 x - a potion of mutation {unknown}
Comestibles
 c - 14 rations
 A - 9 chunks of flesh


   Skills:
 + Level 5.6 Fighting
   Level 3.0(7.0) Maces & Flails
 * Level 9.9(10.1) Staves
 + Level 5.5 Throwing
 + Level 5.4 Armour
 * Level 4.6 Dodging
 + Level 5.0 Invocations


You had 9 spell levels left.
You didn't know any spells.
Your spell library contained the following spells:

 Spells                   Type           Power        Failure   Level  Hunger
 Animate Skeleton         Necr           N/A          50%         1    ##.....
 Apportation              Tloc           #.....       50%         1    ##.....
 Corona                   Hex            #......      50%         1    ##.....
 Magic Dart               Conj           #...         50%         1    ##.....
 Summon Small Mammal      Summ           #...         50%         1    ##.....
 Blink                    Tloc           N/A          65%         2    ###....
 Call Imp                 Summ           #.......     65%         2    ###....
 Ensorcelled Hibernation  Hex/Ice        #.....       65%         2    ###....
 Slow                     Hex            #.......     65%         2    ###....
 Confusing Touch          Hex            #.......     86%         3    ####...
 Conjure Flame            Conj/Fire      #.......     86%         3    ####...
 Dazzling Flash           Conj/Hex       #.....       86%         3    ####...
 Mephitic Cloud           Conj/Pois/Air  #.......     86%         3    ####...
 Tukima's Dance           Hex            #.......     86%         3    ####...
 Summon Lightning Spire   Summ/Air       #.......     99%         4    #####..
 Silence                  Hex/Air        #.........   100%        5    ######.
 Freezing Cloud           Conj/Ice/Air   #.........   100%        6    #######


Dungeon Overview and Level Annotations

Branches:
Dungeon (9/15)             Temple (0/1) D:6
   Lair: D:8-11         Orc: D:9-12

Altars:
Dithmenos
Elyvilon
Fedhas
Kikubaaqudgha
Qazlal
Sif Muna
Trog
Vehumet

Shops:
D:7 *

Annotations:
D:7 3 runed translucent doors, exclusion: player ghost, destino's ghost, novice OpMo


Message History

The yak is moderately wounded.
Okay, then.
Space bends around you!
You blink.
Throwing (i - inventory)
k - a poisoned dart (quivered)
Press: ? - help, Shift-Dir - straight line, f/p - yak
Aim: a yak (heavily wounded, berserk, very poisoned)
You throw a poisoned dart. The poisoned dart hits the yak.
The yak looks as sick as possible!
The yak is heavily wounded.
Firing (i - inventory) No suitable missiles.
Press: ? - help, Shift-Dir - straight line, f - yak, p - yak
Aim: a yak (lightly wounded)
Okay, then.
The yak misses you.
You closely miss the yak.
The yak is heavily wounded.
The yak gores you!
* * * LOW HITPOINT WARNING * * *
The yak gores you!
You die...

#####..........Y..).#
.......(.........)..#
................)...#
.########.(......รท..#
.# #.<(........# .#
#...........#
.########.(..(..Y...#
...........(........#
..............YY@...#
....................#
#####.#############.#
#.####### .#
#####........ .#
............. .#
#############


You could see 3 yaks.

Vanquished Creatures
  Erica (D:8)
  Maggie (D:6)
  Grinder (D:3)
  2 hippogriffs
  3 yaks (D:9)
  Menkaure (D:7)
  A water moccasin (D:6)
  3 ice beasts
  3 sky beasts
  A black bear (D:8)
  4 ogres
  A centaur (D:8)
  2 bullfrogs (D:8)
  2 scorpions
  A water moccasin skeleton (D:5)
  A howler monkey (D:9)
  5 wights (D:8)
  A crimson imp (D:8)
  4 hounds
  Crazy Yiuf (D:2)
  2 quasits
  3 bullfrog skeletons
  4 orc priests
  6 orc wizards
  2 iguanas
  Terence (D:2)
  7 worker ants
  Natasha (D:2)
  A hound skeleton (D:6)
  3 gnolls (D:4)
  12 adders
  A river rat (D:4)
  2 oozes (D:3)
  An adder zombie (D:8)
  3 worms
  2 dart slugs
  5 leopard geckos
  23 orcs
  3 ball pythons (D:4)
  4 bats
  5 giant cockroaches
  6 goblins
  8 hobgoblins
  6 jackals
  5 quokkas
  2 frilled lizards
  6 kobolds
  13 rats
176 creatures vanquished.

Vanquished Creatures (others)
  A river rat (D:4)
  An orc (D:6)
  A hobgoblin (D:3)
  6 fungi
9 creatures vanquished.

Grand Total: 185 creatures vanquished

Notes
Turn   | Place    | Note
-------+----------+-------------------------------------------
     0 | Abyss:1  | Gabide the Human Abyssal Knight began the quest for the
                  | Orb.
     0 | Abyss:1  | Reached XP level 1. HP: 18/18 MP: 2/2
    41 | Abyss:1  | Noticed a sixfirhy
    42 | D:1      | Escaped the Abyss
   123 | D:1      | Reached * piety under Lugonu
   263 | D:1      | Reached XP level 2. HP: 13/24 MP: 3/3
   795 | D:1      | Reached XP level 3. HP: 29/29 MP: 4/4
  1326 | D:2      | Noticed Terence
  1356 | D:2      | Reached skill level 1 in Throwing
  1374 | D:2      | Killed Terence
  1374 | D:2      | Reached XP level 4. HP: 21/35 MP: 5/5
  1557 | D:2      | Found a runed translucent door.
  1558 | D:2      | Noticed Crazy Yiuf
  1568 | D:2      | Killed Crazy Yiuf
  1965 | D:2      | Reached XP level 5. HP: 37/41 MP: 5/7
  2084 | D:2      | Noticed Natasha
  2098 | D:2      | Killed Natasha
  2449 | D:3      | Reached ** piety under Lugonu
  2486 | D:3      | Noticed Grinder
  2497 | D:3      | Killed Grinder
  2497 | D:3      | Reached skill level 2 in Staves
  2497 | D:3      | Reached XP level 6. HP: 35/48 MP: 8/8
  2626 | D:3      | Found a shimmering blue altar of Sif Muna.
  2653 | D:3      | Found a shadowy altar of Dithmenos.
  2670 | D:3      | Found a radiant altar of Vehumet.
  2758 | D:3      | Reached XP level 7. HP: 53/53 MP: 9/9
  3152 | D:3      | Reached skill level 3 in Staves
  3395 | D:4      | Found a white marble altar of Elyvilon.
  3439 | D:4      | Noticed a moth of wrath
  3442 | D:4      | Found a bloodstained altar of Trog.
  3886 | D:4      | Reached *** piety under Lugonu
  3962 | D:4      | Found a blossoming altar of Fedhas.
  3962 | D:4      | Found an ancient bone altar of Kikubaaqudgha.
  3966 | D:4      | Found a stormy altar of Qazlal.
  4006 | D:5      | Entered Level 5 of the Dungeon
  4024 | D:4      | Reached skill level 4 in Staves
  4024 | D:4      | Reached XP level 8. HP: 43/60 MP: 5/11
  4691 | D:5      | Reached skill level 5 in Staves
  5395 | D:6      | Reached XP level 9. HP: 54/65 MP: 12/12
  5544 | D:6      | Reached skill level 5 in Throwing
  5569 | D:6      | Reached skill level 6 in Staves
  5569 | D:6      | Reached skill level 5 in Invocations
  5600 | D:6      | Noticed Maggie
  5625 | D:6      | Killed Maggie
  5631 | D:6      | Reached **** piety under Lugonu
  5900 | D:6      | Found a staircase to the Ecumenical Temple.
  6100 | D:6      | Reached skill level 7 in Staves
  6356 | D:7      | Found a runed translucent gate.
  6356 | D:7      | Found a runed translucent gate.
  6356 | D:7      | Noticed destino's ghost (novice OpMo)
  6357 | D:7      | Found a runed translucent gate.
  6680 | D:7      | Found Vesant's General Store.
  6737 | D:7      | Noticed Menkaure
  6747 | D:7      | Killed Menkaure
  6944 | D:7      | Noticed a hippogriff
  6953 | D:7      | Killed a hippogriff
  7134 | D:8      | Reached skill level 8 in Staves
  7343 | D:8      | Reached XP level 10. HP: 72/73 MP: 13/13
  7533 | D:8      | Noticed Erica
  7552 | D:8      | Killed Erica
  7552 | D:8      | Reached skill level 5 in Fighting
  7552 | D:8      | Reached skill level 9 in Staves
  7878 | D:8      | Reached skill level 5 in Armour
  8784 | D:8      | Identified the Papyrus of Air
  9161 | D:9      | Slain by a yak

Illustrated notes

Levels and vault maps discovered:
D:1:      arrival_zaba_pyramid, layout_basic, hangedman_decor_lopped,
          patterned_corridor
D:2:      layout_basic, first_ration, uniq_natasha, uniq_crazy_yiuf_cottage,
          uniq_terence
D:3:      layout_basic, grunt_temple_overflow_diamond, uniq_grinder
D:4:      layout_rooms, gammafunk_temple_overflow_claw,
          lemuel_coloured_pillars_altar, tgw_trog, portal_sewer_entry_e
D:5:      layout_basic, lemuel_flame_loot_1
D:6:      layout_basic, minmay_temple_entry_enclosed_plants, uniq_maggie
D:7:      layout_basic, serial_shops, shop, gammafunk_ghost_nasty_kobolds,
          uniq_menkaure
D:8:      layout_layer_cave, uniq_erica
D:9:      layout_long_grid, nicolae_overflow_crystal_walls,
          minmay_lair_entry_grove, basic_altar

Skill      XL: |  1  2  3  4  5  6  7  8  9 10 |
---------------+-------------------------------+-----
Throwing       | 1 2 3 4 5 |  5.5
Maces & Flails | 3 |  3.0
Staves         | 2 4 5 8 9 |  9.9
Armour         | 3 4 5 |  5.4
Invocations    | 3 4 5 |  5.0
Fighting       | 4 5 |  5.6
Dodging        | 2 3 4 |  4.6

Action                   |  1- 3 |  4- 6 |  7- 9 | 10-12 || total
-------------------------+-------+-------+-------+-------++-------
Melee: Mace              |   106 |     7 |       |       ||   113
       Quarterstaff      |       |    66 |   303 |   115 ||   484
Throw: Stone             |    80 |    14 |       |       ||    94
       Dart              |       |       |    53 |    48 ||   101
Invok: Depart the Abyss  |     1 |       |       |       ||     1
       Bend Space        |       |       |    11 |     8 ||    19
  Use: Scroll            |     3 |     3 |    10 |     4 ||    20
       Potion            |       |       |       |     1 ||     1
 Stab: Paralysed         |       |     3 |     1 |       ||     4
       Sleeping          |       |       |     5 |       ||     5
       Petrified         |       |       |     1 |       ||     1
  Eat: Chunk             |     1 |     5 |    11 |     2 ||    19
       Ration            |       |       |     1 |     1 ||     2
Armor: Leather armour    |    23 |       |       |       ||    23
       Ring mail         |    35 |    30 |   152 |    63 ||   280
Dodge: Dodged            |    88 |    33 |   179 |    58 ||   358
